 Dungeon Crawl Stone Soup version 0.28.0-47-ge53b351184 (webtiles) character file.

Game seed: 10206107667239043552

215 hawla the Stinger (level 5, -3/21 HPs)
             Began as a Felid Venom Mage on May 3, 2022.
             Slain by a steam dragon (7 damage)
             ... on level 4 of the Dungeon.
             The game lasted 00:16:59 (5714 turns).

hawla the Stinger (Felid Venom Mage)                Turns: 5714, Time: 00:17:00

Health: -3/21      AC:  2    Str:  4    XL:     5   Next: 60%
Magic:  4/11       EV: 21    Int: 19    God:
Gold:   187        SH:  0    Dex: 21    Spells: 5/11 levels left
                                        Lives:  0   Deaths: 1

rFire   . . .      SeeInvis +     - Unarmed
rCold   . . .      Faith    .   (shield unavailable)
rNeg    . . .      Spirit   .   (armour unavailable)
rPois   x          Reflect  .   (helmet unavailable)
rElec   .          Harm     .   (cloak unavailable)
rCorr   .          Rampage  .   (gloves unavailable)
Will    .....                   (boots unavailable)
Stlth   +++.......              e - amulet of regeneration
HPRegen 0.87/turn               (no ring)
MPRegen 0.12/turn               (no ring)

@: spider-form
A: venomous fangs, tiny, (claws 1), (fangs 3), see invisible, (speed 1), (shaggy
fur 2), (stealthy paws), no weapons or thrown items, no armour, multi-lived
a: End Transformation


You were on level 4 of the Dungeon.
You were a venomous arachnid creature.
You visited 1 branch of the dungeon, and saw 4 of its levels.

You collected 187 gold pieces.

Inventory:

Jewellery
 e - an amulet of regeneration (around neck)
 k - an amulet of faith
Potions
 h - a potion of invisibility {unknown}


   Skills:
 + Level 0.5 Fighting
 + Level 3.3 Dodging
 + Level 3.4 Stealth
 + Level 1.8 Unarmed Combat
 + Level 3.7 Spellcasting
 + Level 2.3 Transmutations
 + Level 1.4 Air Magic
 + Level 4.3 Poison Magic


You had 5 spell levels left.
You knew the following spells:

 Your Spells              Type           Power      Damage    Failure   Level
a - Sting                 Tmut/Pois      64%        1d6       12%         1
b - Poisonous Vapours     Pois/Air       28%        N/A       17%         2
c - Spider Form           Tmut/Pois      16%        N/A       26%         3

Your spell library contained the following spells:

 Spells                   Type           Power      Damage    Failure   Level
 Mephitic Cloud           Conj/Pois/Air  10%        N/A       38%         3
 Ensorcelled Hibernation  Hex/Ice        6%         N/A       43%         2
 Olgreb's Toxic Radiance  Pois           20%        N/A       45%         4
 Anguish                  Hex/Necr       1%         N/A       92%         4


Dungeon Overview and Level Annotations

Branches:
Dungeon (4/15)
 Temple: D:4-7

Altars:
Fedhas


Innate Abilities, Weirdness & Mutations

You are a venomous arachnid creature.
You have poisonous fangs.
You are tiny and dextrous.
Your spellcasting is less reliable in this form.
((You have sharp claws.))
((You have razor-sharp teeth.))
You have supernaturally acute eyesight. (SInv)
((You cover ground quickly. (Speed+)))
((You are covered in thick fur. (AC +2)))
((Your paws help you pounce on unaware monsters.))
You are incapable of wielding weapons or throwing items.
You cannot wear armour.
You gain extra lives every three experience levels.


Message History

An orc comes into view. It is wielding a +0 flail.
An orc comes into view. It is wielding a +0 club.
You feel better. The steam dragon bites you!
* * * LOW HITPOINT WARNING * * *
The steam dragon misses you.
You barely miss the steam dragon.
The steam dragon is lightly wounded.
Your transformation has ended.
An orc comes into view. It is wielding a +0 short sword.
The steam dragon closely misses you. The steam dragon misses you.
You aren't carrying any scrolls.
The orc shouts!
The steam dragon breathes steam at you. The ball of steam misses you.
An orc comes into view. It is wielding a +0 flail.
The steam dragon misses you. The steam dragon claws you.
* * * LOW HITPOINT WARNING * * *
An orc and an orc priest come into view.
The orc shouts!
Casting: Spider Form (extremely dangerous; 11% risk of failure)
Confirm with . or Enter, or press ? or * to list all spells.
The spell is extremely dangerous to miscast (11% risk of failure)!
Continue anyway?
You turn into a venomous arachnid creature.
The steam dragon barely misses you. The steam dragon claws you.
* * * LOW HITPOINT WARNING * * *
You hit the orc priest but do no damage.
The orc priest is poisoned.
The steam dragon bites you but does no damage.
The steam dragon claws you.
* * * LOW HITPOINT WARNING * * *
Unknown command.
An orc comes into view. It is wielding a +0 short sword.
The orc priest completely misses you.
Something hits the bush but does no damage.
The steam dragon closely misses you. The steam dragon misses you.
You hit the orc.
The orc is poisoned.
The orc is heavily wounded.
The orc priest completely misses you. The orc misses you.
The steam dragon bites you!
You die...

*,,***...♣♣♣...♣♣♣...***,,,,,,*,*
*,,,,,..........§....P.P,,,,,,,,,
,,,,,,..........§.......,,,,,,*,,
,,,,,,..........o.....P,,,,,*,*,,
,,,***...♣♣♣.o)♣♣♣..o♣**,,,,,,,,,
,,,* *,,,* ♣...♣ *.o.♣ *,,,*****,
,,,***,,,♣♣♣..o♣♣♣...♣♣♣,,,* **
,,,,,....P..P.oD.o...P..,,,*
,,,,,..........os.......,,,*
,,,,,...................,,,*
*****###################****


You could see a steam dragon, an orc priest (very poisoned) and 6 orcs.

Vanquished Creatures
  A scorpion (D:4)
  A howler monkey (D:4)
  An orc priest (D:4)
  A centaur skeleton (D:4)
  An orc wizard (D:3)
  7 adders
  A white imp (D:3)
  2 ufetubi (D:4)
  3 worms
  A dart slug (D:2)
  12 orcs
  3 endoplasms
  5 giant cockroaches
  5 goblins
  11 hobgoblins
  A jackal (D:4)
  3 quokkas
  10 ball pythons
  6 bats
  3 frilled lizards (D:3)
  7 kobolds
  6 rats
91 creatures vanquished.

Vanquished Creatures (others)
  An orc priest (D:4)
  A kobold (D:4)
  83 plants (D:4)
85 creatures vanquished.

Grand Total: 176 creatures vanquished

Notes
Turn   | Place    | Note
-------+----------+-------------------------------------------
     0 | D:1      | hawla the Felid Venom Mage began the quest for the Orb.
     0 | D:1      | Reached XP level 1. HP: 7/7 MP: 4/4
   565 | D:1      | Reached skill level 3 in Poison Magic
   565 | D:1      | Reached XP level 2. HP: 3/11 MP: 1/6
   568 | D:1      | Learned a level 2 spell: Poisonous Vapours
  1459 | D:1      | Found a blossoming altar of Fedhas.
  1622 | D:2      | Reached XP level 3. HP: 14/15 MP: 5/7
  1976 | D:2      | Learned a level 3 spell: Spider Form
  2316 | D:2      | Reached skill level 1 in Unarmed Combat
  2540 | D:2      | Reached XP level 4. HP: 15/18 MP: 3/8
  3444 | D:3      | Found a faded altar of an unknown god.
  3680 | D:3      | Reached XP level 5. HP: 16/21 MP: 4/10
  4765 | D:4      | Reached skill level 1 in Air Magic
  4765 | D:4      | Reached skill level 4 in Poison Magic
  5005 | D:4      | Noticed a steam dragon
  5288 | D:4      | Gained mutation: You are covered in thick fur. (AC +2)
                  | [Felid growth]
  5288 | D:4      | Reached XP level 6. HP: 25/25 MP: 2/12
  5670 | D:4      | HP: 1/25 [something/ball of steam (24)]
  5675 | D:4      | Killed from afar by a steam dragon
  5676 | D:4      | Reached XP level 5. HP: -6/21 MP: 5/11
  5714 | D:4      | Slain by a steam dragon

Illustrated notes

Levels and vault maps discovered:
D:1:      dpeg_arrival_water_altar, layout_loops_cross, st_stairs_10
D:2:      layout_loops_ring, grunt_decor_resistance, minmay_puff
D:3:      layout_loops_corners, hellmonk_ecumenical_altar_crossroads,
          minmay_vboxes
D:4:      layout_loops_ring, lemuel_round_altar, kennysheep_boxes

Skill      XL: |  1  2  3  4  5  6 |
---------------+-------------------+-----
Poison Magic   | 3 4 |  4.3
Dodging        | 3 |  3.3
Stealth        | 3 |  3.4
Unarmed Combat | 1 |  1.8
Spellcasting   | 3 |  3.7
Air Magic      | 1 |  1.4
Transmutations | 2 |  2.3
Fighting       | |  0.5

Action                   |  1- 3 |  4- 6 || total
-------------------------+-------+-------++-------
Melee: Unarmed           |    48 |   129 ||   177
       Bite              |     3 |     8 ||    11
 Cast: Sting             |    39 |    33 ||    72
       Poisonous Vapours |    16 |    70 ||    86
       Spider Form       |     5 |     5 ||    10
  Use: Scroll            |       |     9 ||     9
       Potion            |       |     5 ||     5
 Stab: Sleeping          |     2 |     1 ||     3
Armor: Skin              |     1 |     8 ||     9
Dodge: Dodged            |    79 |   163 ||   242
